 Dungeon Crawl Stone Soup version 0.16-a0-3855-gd2600ac (console) character file.

42 nht the Bolt Thrower (level 3, -1/30 HPs)
             Began as a Minotaur Hunter on Jan 31, 2015.
             Slain by Sigmund
             ... wielding a +0 scythe
              (10 damage)
             ... on level 2 of the Dungeon.
             The game lasted 00:01:32 (600 turns).

nht the Bolt Thrower (Minotaur Hunter)               Turns: 600, Time: 00:01:32

Health: -1/30      AC:  3    Str: 16    XL:     3   Next: 35%
Magic:  2/2        EV: 17    Int:  8    God:
Gold:   39         SH:  0    Dex: 16    Spells: 0 memorised, 2 levels left

rFire  + . .     SeeInvis .     b - +1 hand crossbow
rCold  + . .     Clarity  .     d - +0 leather armour
rNeg   . . .     SustAb   .     (no shield)
rPois  +         Gourm    .     (helmet restricted)
rElec  +         Spirit   .     (no cloak)
rCorr  +         Warding  .     (no gloves)
rMut   .         Stasis   .     (no boots)
MR     .....                    (no amulet)
Stlth  ++........               (no ring)
                                (no ring)

@: agile, resistant, not resistant to hostile enchantments, unstealthy
A: retaliatory headbutt, horns 2, slow healing 1, placid magic 1
a: no special abilities


You were on level 2 of the Dungeon.
You were not hungry.

You visited 1 branch of the dungeon, and saw 2 of its levels.

You collected 39 gold pieces.

Inventory:

Hand weapons
 a - a +0 spear
 b - a +1 hand crossbow (weapon)
 j - a +0 short sword
Missiles
 c - 3 bolts (quivered)
Armour
 d - a +0 leather armour (worn)
Scrolls
 g - a scroll of magic mapping
 k - a scroll of recharging
Potions
 e - a potion of ambrosia
 i - 2 potions of agility
Comestibles
 f - 2 bread rations
 n - a chunk of flesh


   Skills:
 - Level 2.4 Fighting
 + Level 5.7 Crossbows
 - Level 2.1 Dodging
 - Level 0.7 Stealth


You had 2 spell levels left.
You didn't know any spells.

Dungeon Overview and Level Annotations

Branches:
Dungeon (2/15)

Altars:

Annotations:
D:2 Sigmund, Terence


Innate Abilities, Weirdness & Mutations

You reflexively headbutt those who attack you in melee.
You have a pair of horns on your head.
You heal slowly when monsters are visible.
Your spells are a little easier to cast, but a little less powerful.


Message History

Firing (i - inventory):
c - 6 bolts (quivered)
Press: ? - help, Shift-Dir - straight line, f/p - Sigmund
Aim: Sigmund, wielding a scythe and wearing an embroidered robe (moderately wounded)
You shoot a bolt. The bolt hits Sigmund!
Sigmund is severely wounded.
Sigmund hits you from afar with a scythe!
Firing (i - inventory):
c - 5 bolts (quivered)
Press: ? - help, Shift-Dir - straight line, f/p - Sigmund
Aim: Sigmund, wielding a scythe and wearing an embroidered robe (severely wounded)
You shoot a bolt. The bolt barely misses Sigmund.
Sigmund gestures at you while chanting. The puff of flame hits you! You resist.
* * * LOW HITPOINT WARNING * * *
Firing (i - inventory):
c - 4 bolts (quivered)
Press: ? - help, Shift-Dir - straight line, f/p - Sigmund
Aim: Sigmund, wielding a scythe and wearing an embroidered robe (severely wounded)
You shoot a bolt. The bolt hits Sigmund.
Sigmund is almost dead.
Sigmund hits you from afar with a scythe!
You die... ███████

████..)..█████.>
..██.███.██...
█.██.█....█.███
███.██...█......█
█.█.█.........█.█ █
███.█.█.█████...█.█.█
█..<█.█.█...........██..
█.█.███.█.█.██.@....?......
█.............<......███..
█..█.████.██████@.█+██
....█.█ █.......@....
.██.█.█ █.....@.█.█.█.█ .
..█.█ █.......███.█
███.████..†......█ █
.........@███+██.█
████^████.███ █......@....█
█.██...██.█<█


You could see Sigmund and Terence.

Vanquished Creatures
  An adder (D:2)
  3 giant cockroaches (D:1)
  4 hobgoblins
  4 jackals (D:1)
  3 bats
  A giant newt (D:1)
  3 goblins
  4 kobolds (D:1)
  A quokka (D:2)
  7 rats (D:1)
31 creatures vanquished.

Notes
Turn   | Place    | Note
--------------------------------------------------------------
     0 | D:1      | nht, the Minotaur Hunter, began the quest for the Orb.
     0 | D:1      | Reached XP level 1. HP: 18/18 MP: 1/1
   125 | D:1      | Reached XP level 2. HP: 25/25 MP: 1/1
   156 | D:1      | Reached skill level 5 in Crossbows
   479 | D:2      | Reached XP level 3. HP: 30/30 MP: 2/2
   496 | D:2      | Noticed Sigmund
   590 | D:1      | Gained mutation: You heal slowly when monsters are visible. [potion of mutation]
   590 | D:1      | Gained mutation: Your spells are a little easier to cast, but a little less powerful. [potion of mutation]
   597 | D:2      | Noticed Terence
   600 | D:2      | Slain by Sigmund

Action                   || total
-------------------------++-------
Melee: Spear             ||     3
 Fire: Hand crossbow     ||    65
  Use: Scroll            ||     3
       Potion            ||     3
